 Dungeon Crawl Stone Soup version 0.29.1-12-g30fa7ad0bf (webtiles) character file.

Game seed: 11128636651469980606

357 sneakypete the Covered (level 6, -2/48 HPs)
             Began as a Formicid Fighter on Jan 13, 2023.
             Was a Believer of Vehumet.
             Slain by a gnoll (6 damage)
             ... on level 4 of the Dungeon.
             The game lasted 00:21:22 (2951 turns).

sneakypete the Covered (Formicid Fighter)           Turns: 2951, Time: 00:21:23

Health: -2/48      AC:  0    Str: 22    XL:     6   Next: 96%
Magic:  6/6        EV: 14    Int:  8    God:    Vehumet [**....]
Gold:   149        SH:  0    Dex: 13    Spells: 5/5 levels left

rFire   . . .      SeeInvis .   (weapon currently unavailable)
rCold   . . .      Faith    .   (shield currently unavailable)
rNeg    . . .      Spirit   .   (body armour currently unavailable)
rPois   .          Reflect  .   (helmet unavailable)
rElec   .          Harm     .   (cloak currently unavailable)
rCorr   .          Rampage  .   (gloves currently unavailable)
Will    .....                   (boots currently unavailable)
Stlth   +.........              u - amulet of the acrobat
HPRegen 0.16/turn               (ring currently unavailable)
MPRegen 0.10/turn               (ring currently unavailable)

@: pig-form, very quick
A: fast, no casting, permanent stasis, dig shafts and tunnels, small, (antennae
3), four strong arms
a: Renounce Religion


You were on level 4 of the Dungeon.
You worshipped Vehumet.
Vehumet was pleased with you.
You were a filthy swine.
You visited 1 branch of the dungeon, and saw 4 of its levels.

You collected 149 gold pieces.

Inventory:

Hand Weapons
 a - a +0 war axe
 g - a +3 spear
 v - the +3 dagger of Unpleasantness {vorpal, MP+9 SInv Stlth+}
   (You found it on level 2 of the Dungeon)

   It inflicts extra damage upon your enemies.
   MP:        It affects your magic capacity (+9).
   SInv:      It lets you see invisible.
   Stlth:     It makes you more stealthy.
 w - a +2 flail of protection (melded)
Armour
 c - a +0 buckler (melded)
 x - a +0 chain mail (melded)
 B - a scarf of resistance (melded)
Jewellery
 t - an amulet of faith
 u - an amulet of the acrobat (around neck)
 y - a ring of resist corrosion
Wands
 i - a wand of digging (5)
 j - a wand of paralysis (13)
 C - a wand of quicksilver (10)
Scrolls
 e - a scroll of fear {unknown}
 f - a scroll of noise {unknown}
 h - a scroll of magic mapping {unknown}
 l - a scroll of identify {unknown}
 n - a scroll of teleportation {unknown}
 o - a scroll of poison {unknown}
 s - 2 scrolls of vulnerability {unknown}
Potions
 b - a potion of mutation {unknown}
 d - a potion of might
 k - a potion of heal wounds {unknown}
 m - 2 potions of attraction {unknown}
 p - a potion of degeneration {unknown}
 q - 2 potions of curing
 r - a potion of haste {unknown}
 z - a potion of ambrosia {unknown}
 A - a potion of magic {unknown}


   Skills:
 + Level 4.0 Fighting
 + Level 4.2(4.4) Axes
 + Level 1.6(3.2) Maces & Flails
 + Level 5.0 Armour
 + Level 1.0 Dodging
 + Level 0.5 Stealth
 + Level 4.7 Shields
 + Level 0.4 Unarmed Combat


You had 5 spell levels left.
You didn't know any spells.
Your spell library contained the following spells:

 Spells                   Type           Power      Damage    Failure   Level
 Foxfire                  Conj/Fire      0%         2x1d4     41%         1
 Magic Dart               Conj           0%         1d3       41%         1
 Slow                     Hex            0%         N/A       41%         1
 Searing Ray              Conj           0%         2d4       54%         2
 Confusing Touch          Hex            0%         N/A       78%         3
 Vampiric Draining        Necr           0%         2d6       78%         3
 Fulminant Prism          Conj/Hex       0%         3d6       99%         4


Dungeon Overview and Level Annotations

Branches:
Dungeon (4/15)
 Temple: D:4-7

Altars:
Uskayaw
Vehumet


Innate Abilities, Weirdness & Mutations

You are a filthy swine.
You move quickly.
Your equipment is almost entirely melded.
You are incapable of wielding weapons or throwing items.
You cannot cast spells.
You cannot be hasted, slowed, berserked, paralysed or teleported.
You can dig through walls and to a lower floor.
((You have a pair of large antennae on your head. (SInv)))
Your four strong arms can wield two-handed weapons with a shield.


Message History

The gnoll misses you.
You hit the gnoll.
The gnoll is severely wounded.
You hit the gnoll.
The gnoll is almost dead.
You hit the goblin.
The goblin is heavily wounded.
The gnoll closely misses you. The goblin barely misses you.
You miss the goblin.
The goblin is heavily wounded.
The gnoll misses you. The goblin barely misses you.
You hit the goblin.
You kill the goblin!
Vehumet accepts your kill. The gnoll misses you.
The gnoll shoots a sling bullet.
The sling bullet barely misses you.
You hit the gnoll.
The gnoll is moderately wounded.
The gnoll barely misses you.
You hit the gnoll.
You kill the gnoll!
Vehumet accepts your kill. The gnoll hits you with a +0 flail!
The gnoll shoots a sling bullet.
The sling bullet misses you.
You completely miss the gnoll.
The gnoll is moderately wounded.
The gnoll barely misses you.
The gnoll shoots a sling bullet.
The sling bullet closely misses you.
You completely miss the gnoll.
The gnoll is moderately wounded.
You barely miss the gnoll.
The gnoll is moderately wounded.
The gnoll hits you with a +0 flail!
* * * LOW HITPOINT WARNING * * *
You hit the gnoll but do no damage.
The gnoll is moderately wounded.
The gnoll hits you with a +0 flail!
* * * LOW HITPOINT WARNING * * *
The gnoll unwields a +0 sling.
The gnoll hits you.
You die...

#.. #.###
#.#. . ...
.## .{###.#
....#.#...#
#..)#)..#
#.gh..#
###g..#
#...# #...#
#.# #...#
.. #...# ..
###.# .#
#.#..#
#.#.#


You could see 2 gnolls.

Vanquished Creatures
  Grinder (D:4)
  Jessica (D:3)
  Terence (D:3)
  A gnoll (D:4)
  2 adders
  An adder zombie (D:2)
  A worm (D:3)
  5 dart slugs
  8 ball pythons
  9 bats
  4 endoplasms
  A giant cockroach (D:2)
  6 hobgoblins
  7 kobolds
  A quokka (D:3)
  2 ball python skeletons (D:2)
  3 frilled lizards
  A giant cockroach zombie (D:2)
  8 goblins
  A jackal skeleton (D:2)
  2 rats (D:1)
66 creatures vanquished.

Notes
Turn   | Place    | Note
-------+----------+-------------------------------------------
     0 | D:1      | sneakypete the Formicid Fighter began the quest for the
                  | Orb.
     0 | D:1      | Reached XP level 1. HP: 18/18 MP: 1/1
   151 | D:1      | Reached XP level 2. HP: 20/24 MP: 2/2
   206 | D:1      | Found a faded altar of an unknown god.
   256 | D:1      | Prayed at the altar of an unknown god.
   256 | D:1      | Became a worshipper of Vehumet
   256 | D:1      | Reached * piety under Vehumet
   256 | D:1      | Offered knowledge of Shock by Vehumet.
   376 | D:1      | Reached XP level 3. HP: 21/29 MP: 3/3
   868 | D:1      | Offered knowledge of Foxfire by Vehumet.
  1242 | D:2      | Reached ** piety under Vehumet
  1523 | D:2      | Reached XP level 4. HP: 36/36 MP: 4/4
  1883 | D:2      | Identified the +3 dagger of Unpleasantness {vorpal, MP+9
                  | SInv Stlth+}
  1885 | D:2      | Reached skill level 4 in Armour
  2162 | D:3      | Found a hide-covered altar of Uskayaw.
  2350 | D:3      | Noticed Terence
  2354 | D:3      | Killed Terence
  2355 | D:3      | Reached XP level 5. HP: 41/42 MP: 5/5
  2518 | D:3      | Noticed Jessica
  2529 | D:3      | Killed Jessica
  2882 | D:4      | Noticed Grinder
  2913 | D:4      | Killed Grinder
  2914 | D:4      | Reached skill level 1 in Maces & Flails
  2914 | D:4      | Reached skill level 5 in Armour
  2914 | D:4      | Reached skill level 1 in Dodging
  2914 | D:4      | Reached XP level 6. HP: 31/48 MP: 6/6
  2951 | D:4      | Slain by a gnoll

Illustrated notes

Levels and vault maps discovered:
D:1:      heliophobic_arrival_ceremonial_halls, layout_loops_ring,
          hellmonk_ecumenical_altar_lost_god, minmay_crystal_water
D:2:      layout_loops_cross, serial_undead, serial_undead_a, serial_undead_c,
          serial_undead_b, serial_undead_d, serial_undead_a,
          kennysheep_generic_room_4
D:3:      layout_rooms, mainiacjoe_overflow_concentric_impassable,
          hangedman_decor_points, dk_noncrumbling_3,
          chequers_serial_rivers_small_a, kennysheep_cross_bottleneck,
          solitary_fountain, uniq_jessica, uniq_terence
D:4:      layout_basic, minmay_temple_entry_slanted, uniq_grinder

Skill      XL: |  1  2  3  4  5 |
---------------+----------------+-----
Axes           | 3 4 |  4.2
Armour         | 4 5 |  5.0
Fighting       | 4 |  4.0
Maces & Flails | 1 |  1.6
Dodging        | 1 |  1.0
Stealth        | |  0.5
Shields        | |  4.7
Unarmed Combat | |  0.4

Action                   |  1- 3 |  4- 6 || total
-------------------------+-------+-------++-------
Melee: War axe           |    81 |    57 ||   138
       Flail             |       |    37 ||    37
       Unarmed           |       |    13 ||    13
 Abil: Dig               |     1 |       ||     1
  Use: Potion            |       |     2 ||     2
Armor: Scale mail        |    33 |    35 ||    68
       Chain mail        |       |    18 ||    18
Dodge: Dodged            |    43 |    83 ||   126
Block: Buckler           |    21 |    28 ||    49
